 Dungeon Crawl Stone Soup version 0.25-a0-663-gace7076 (webtiles) character file.

Game seed: 13240562374983601198, levelgen mode: deterministic

90 Lindan9 the Charmwright (level 4, 0/38 HPs)
             Began as a Gnoll Skald on Mar 26, 2020.
             Slain by a river rat (1 damage)
             ... in a sewer.
             The game lasted 00:08:49 (1867 turns).

Lindan9 the Charmwright (Gnoll Skald)               Turns: 1867, Time: 00:08:49

Health: 0/38       AC:  9    Str: 14    XL:     4   Next: 56%
Magic:  11/11      EV:  8    Int: 15    God:
Gold:   127        SH:  0    Dex: 15    Spells: 12/13 levels left

rFire    . . .     SeeInvis .   a - +0 mace
rCold    . . .     Gourm    .   (no shield)
rNeg     . . .     Faith    .   e - +0 chain mail
rPois    .         Spirit   .   (no helmet)
rElec    .         Reflect  .   (no cloak)
rCorr    .         Harm     .   (no gloves)
MR       .....                  (no boots)
Stlth    ..........             (no amulet)
HPRegen  0.12/turn              (no ring)
MPRegen  0.12/turn              (no ring)

@: no status effects
A: distributed training, fangs 1, strong nose
a: no special abilities


You were in a sewer.
You were not hungry.

You visited 1 branch of the dungeon, and saw 3 of its levels.
You also visited: Sewer.

You collected 127 gold pieces.

Inventory:

Hand Weapons
 a - a +0 mace (weapon)
Armour
 b - a +0 leather armour
 e - a +0 chain mail (worn)
Wands
 g - a wand of acid (9)
Scrolls
 d - a scroll of teleportation
 h - 3 scrolls of remove curse
Potions
 c - 3 potions of curing {unknown}
 f - 2 potions of heal wounds
 i - a potion of magic {unknown}
 j - a potion of haste {unknown}
Comestibles
 k - a ration


   Skills:
 + Level 4.6 Fighting
 + Level 1.1 Short Blades
 + Level 1.1 Long Blades
 + Level 1.1 Axes
 + Level 4.6 Maces & Flails
 + Level 1.1 Polearms
 + Level 1.1 Staves
 + Level 1.1 Slings
 + Level 1.1 Bows
 + Level 1.1 Crossbows
 + Level 1.1 Throwing
 + Level 2.7 Armour
 + Level 4.6 Dodging
 + Level 1.1 Stealth
 + Level 1.1 Shields
 + Level 1.1 Unarmed Combat
 + Level 5.1 Spellcasting
 + Level 0.9 Conjurations
 + Level 0.9 Hexes
 + Level 5.4 Charms
 + Level 0.9 Summonings
 + Level 0.9 Necromancy
 + Level 0.9 Translocations
 + Level 0.9 Transmutations
 + Level 0.9 Fire Magic
 + Level 0.9 Ice Magic
 + Level 0.9 Air Magic
 + Level 0.9 Earth Magic
 + Level 0.9 Poison Magic
 + Level 1.2 Invocations
 + Level 1.1 Evocations


You had 12 spell levels left.
You knew the following spells:

 Your Spells              Type           Power        Failure   Level  Hunger
a - Infusion              Chrm           ###.         38%         1    None

Your spell library contained the following spells:

 Spells                   Type           Power        Failure   Level  Hunger
 Song of Slaying          Chrm           ###.....     54%         2    ##.....
 Shroud of Golubria       Chrm/Tloc      ##....       86%         2    ##.....
 Ozocubu's Armour         Chrm/Ice       ##......     97%         3    ###....
 Spectral Weapon          Hex/Chrm       ##......     97%         3    ###....


Dungeon Overview and Level Annotations

Branches:
Dungeon (3/15)              Sewer (1/1)

Altars:
Dithmenos
Gozag
Nemelex Xobeh


Innate Abilities, Weirdness & Mutations

Your experience applies equally to all skills.
You have very sharp teeth.
Your uncanny sense of smell can sniff out nearby items.


Message History

You hit the river rat.
The river rat is moderately wounded.
The river rat bites you but does no damage.
The rat bites you but does no damage.
You hit the river rat.
The river rat is severely wounded.
The river rat closely misses you. The rat bites you but does no damage.
You closely miss the river rat.
The river rat is severely wounded.
The river rat bites you.
* * * LOW HITPOINT WARNING * * *
The rat bites you but does no damage.
You hit the river rat but do no damage.
The river rat is severely wounded.
The river rat bites you but does no damage.
The rat bites you but does no damage.
You hit the river rat but do no damage. Your bite misses the river rat.
The river rat is severely wounded.
The river rat bites you.
You die...

###
#.#
#.#
#.#
#.#
#∩#
#r#
#r#
#@#
#r#
#.#
#.#
#.#
#.#
#≈#
#≈#


You could see a river rat and 2 rats.

Vanquished Creatures
  3 river rats
  An ooze (D:3)
  2 worms (D:2)
  2 leopard geckos (D:1)
  5 ball pythons
  A bat (D:2)
  4 giant cockroaches
  8 goblins
  5 hobgoblins
  3 quokkas
  4 frilled lizards
  4 kobolds
  7 rats
49 creatures vanquished.

Notes
Turn   | Place    | Note
-------+----------+-------------------------------------------
     0 | D:1      | Lindan9 the Gnoll Skald began the quest for the Orb.
     0 | D:1      | Reached XP level 1. HP: 20/20 MP: 6/6
   188 | D:1      | Reached XP level 2. HP: 26/26 MP: 7/7
  1029 | D:2      | Found an opulent altar of Gozag.
  1041 | D:2      | Reached XP level 3. HP: 31/31 MP: 9/9
  1055 | D:2      | Reached skill level 5 in Spellcasting
  1065 | D:2      | Found a sparkling altar of Nemelex Xobeh.
  1193 | D:2      | Reached skill level 1 in Invocations
  1504 | D:2      | Found a shadowy altar of Dithmenos.
  1662 | D:3      | Reached skill level 1 in Short Blades
  1662 | D:3      | Reached skill level 1 in Long Blades
  1662 | D:3      | Reached skill level 1 in Axes
  1662 | D:3      | Reached skill level 1 in Polearms
  1662 | D:3      | Reached skill level 1 in Staves
  1662 | D:3      | Reached skill level 1 in Slings
  1662 | D:3      | Reached skill level 1 in Bows
  1662 | D:3      | Reached skill level 1 in Crossbows
  1662 | D:3      | Reached skill level 1 in Throwing
  1662 | D:3      | Reached skill level 1 in Stealth
  1662 | D:3      | Reached skill level 1 in Shields
  1662 | D:3      | Reached skill level 1 in Unarmed Combat
  1662 | D:3      | Reached skill level 1 in Evocations
  1722 | D:3      | Found a glowing drain.
  1731 | D:3      | Reached XP level 4. HP: 30/38 MP: 11/11
  1837 | Sewer    | Entered a sewer
  1865 | Sewer    | HP: 1/38 [river rat (5)]
  1867 | Sewer    | Slain by a river rat

Levels and vault maps discovered:
D:1:      wander_arrival_chamber, layout_basic
D:2:      layout_loops_ring, nemelex_xobeh_ov_fountains_minmay,
          overflow_temple_1_default, lemuel_crystal_altar
D:3:      layout_loops_ring, portal_sewer_entry_b, first_ration,
          makhleb_blood_cavern_becter
Sewer:    sewer_kobolds

Skill      XL: |  1  2  3 |
---------------+----------+-----
Spellcasting   | 5 |  5.1
Invocations    | 1 |  1.2
Short Blades   | 1 |  1.1
Long Blades    | 1 |  1.1
Axes           | 1 |  1.1
Polearms       | 1 |  1.1
Staves         | 1 |  1.1
Slings         | 1 |  1.1
Bows           | 1 |  1.1
Crossbows      | 1 |  1.1
Throwing       | 1 |  1.1
Stealth        | 1 |  1.1
Shields        | 1 |  1.1
Unarmed Combat | 1 |  1.1
Evocations     | 1 |  1.1
Fighting       | |  4.6
Maces & Flails | |  4.6
Armour         | |  2.7
Dodging        | |  4.6
Conjurations   | |  0.9
Hexes          | |  0.9
Charms         | |  5.4
Summonings     | |  0.9
Necromancy     | |  0.9
Translocations | |  0.9
Transmutations | |  0.9
Fire Magic     | |  0.9
Ice Magic      | |  0.9
Air Magic      | |  0.9
Earth Magic    | |  0.9
Poison Magic   | |  0.9

Action                   |  1- 3 |  4- 6 || total
-------------------------+-------+-------++-------
Melee: Mace              |   150 |    52 ||   202
       Bite              |    12 |     5 ||    17
       Punch             |       |     1 ||     1
  Use: Scroll            |     4 |       ||     4
  Eat: Ration            |     1 |       ||     1
Armor: Leather armour    |     6 |       ||     6
       Chain mail        |    80 |    36 ||   116
Dodge: Dodged            |    79 |    37 ||   116

Table legend:
 A = Non-vault XP
 B = Vault XP
 C = Vault XP percentage of total XP
 D = Non-vault monster count
 E = Vault monster count
 F = Vault count percentage of total count
                 A         B        C        D         E       F
            +---------+---------+-------+---------+---------+-------
      Total |      78 |      51 |  39.5 |      38 |      11 |  22.4
            +---------+---------+-------+---------+---------+-------
        D:1 |      27 |       0 |   0.0 |      16 |       0 |   0.0
        D:2 |      40 |       0 |   0.0 |      19 |       0 |   0.0
        D:3 |      11 |      25 |  69.4 |       3 |       9 |  75.0
      Sewer |       0 |      26 | 100.0 |       0 |       2 | 100.0
            +---------+---------+-------+---------+---------+-------
